 Dungeon Crawl Stone Soup version 0.25-a0-589-g1e14c549ee (webtiles) character file.

Game seed: 3202998235563897536, levelgen mode: deterministic

48 KiliKikkendorf the Firebug (level 3, -1/28 HPs)
             Began as a Hill Orc Fire Elementalist on Mar 9, 2020.
             Succumbed to an adder's poison
             ... on level 2 of the Dungeon.
             The game lasted 00:11:53 (2302 turns).

KiliKikkendorf the Firebug (HOFE)                   Turns: 2302, Time: 00:11:54

Health: -1/28      AC:  3    Str:  9 (11) XL:     3   Next: 72%
Magic:  2/5        EV: 12    Int: 16 (18) God:
Gold:   74         SH:  3    Dex:  8 (11) Spells: 4/5 levels left

rFire    . . .     SeeInvis .   d - +0 hand axe
rCold    . . .     Gourm    .   (no shield)
rNeg     . . .     Faith    .   a - +0 robe
rPois    .         Spirit   .   (no helmet)
rElec    .         Reflect  +   (no cloak)
rCorr    .         Harm     .   e - +0 pair of gloves
MR       .....                  (no boots)
Stlth    ++........             b - +3 amulet of reflection
HPRegen  0.09/turn              f - +3 ring of intelligence
MPRegen  0.09/turn              (no ring)

@: lethally poisoned (-1 -> -17)
A: no striking features
a: no special abilities


You were on level 2 of the Dungeon.
You were not hungry.

You visited 1 branch of the dungeon, and saw 2 of its levels.

You collected 74 gold pieces.

Inventory:

Hand Weapons
 d - a +0 hand axe (weapon)
Missiles
 h - 14 poisoned darts (quivered)
Armour
 a - a +0 robe (worn)
 e - a +0 pair of gloves (worn)
Jewellery
 b - a +3 amulet of reflection (around neck)
 f - a +3 ring of intelligence (left hand)
Scrolls
 g - a scroll of identify
 i - a scroll of remove curse
Comestibles
 c - 5 rations


   Skills:
 + Level 1.2 Fighting
   Level 1.0 Maces & Flails
 + Level 1.9 Dodging
 - Level 1.7 Stealth
 + Level 0.5 Unarmed Combat
 + Level 1.8 Spellcasting
 + Level 1.3 Conjurations
 * Level 3.7 Fire Magic


You had 4 spell levels left.
You knew the following spells:

 Your Spells              Type           Power        Failure   Level  Hunger
a - Foxfire               Conj/Fire      #...         8%          1    ##.....

Your spell library contained the following spells:

 Spells                   Type           Power        Failure   Level  Hunger
 Conjure Flame            Conj/Fire      #.......     22%         3    ####...
 Inner Flame              Hex/Fire       #.......     28%         3    ####...
 Sticky Flame             Conj/Fire      #.......     58%         4    #####..
 Fireball                 Conj/Fire      #.........   90%         5    ######.


Dungeon Overview and Level Annotations

Branches:
Dungeon (2/15)

Altars:
Kikubaaqudgha


Message History

You miss the adder.
The adder is almost dead.
The adder bites you.
* * * LOW HITPOINT WARNING * * *
You are more poisoned.
The adder poisons you!
You closely miss the adder.
The adder is almost dead.
* * * LOW HITPOINT WARNING * * *
You feel sick. The adder completely misses you. The adder bites you.
* * * LOW HITPOINT WARNING * * *
You are more poisoned.
The adder poisons you!
You barely miss the adder.
The adder is almost dead.
* * * LOW HITPOINT WARNING * * *
You feel sick. The adder closely misses you. The adder misses you.
You hit the adder.
The adder is almost dead.
You die...

.........##
#.....#
####.##.##
#.###.# ##.##
#.##.# #.# #
...# ####.##.#
#.# ...
...#.##.# #.#
... .#...##.#
#.# #.#
##.####.# #.#
#.# ##.# ##.#
#.#########.#
.#.# #..#
#..@S......?#
8'.# #)##
#.###########
.#.# #.# #.#
##.# #<#######.#
#.## #(##...##..
..# #.##...####
.## #.##...####
#.#
######.........#
#.#
.........).....#
#.#


You could see an adder.

Vanquished Creatures
  2 adders (D:2)
  2 dart slugs
  5 leopard geckos
  A giant cockroach (D:1)
  A goblin (D:1)
  4 hobgoblins
  A quokka (D:2)
  A bat (D:1)
  A frilled lizard (D:1)
  4 rats (D:1)
22 creatures vanquished.

Vanquished Creatures (others)
  33 foxfires
33 creatures vanquished.

Grand Total: 55 creatures vanquished

Notes
Turn   | Place    | Note
-------+----------+-------------------------------------------
     0 | D:1      | KiliKikkendorf the Hill Orc Fire Elementalist began the
                  | quest for the Orb.
     0 | D:1      | Reached XP level 1. HP: 14/14 MP: 3/3
   873 | D:1      | Reached XP level 2. HP: 11/20 MP: 2/4
  1694 | D:2      | Reached skill level 1 in Fighting
  1694 | D:2      | Reached XP level 3. HP: 28/28 MP: 1/5
  2163 | D:2      | Reached skill level 1 in Maces & Flails
  2255 | D:2      | Found an ancient bone altar of Kikubaaqudgha.
  2301 | D:2      | HP: 1/28 [poisoned by an adder]
  2302 | D:2      | Succumbed to an adder's poison

Levels and vault maps discovered:
D:1:      lightli_arrival_flooded_house, layout_basic
D:2:      layout_loops_ring, kiku_gazebo_pond_becter, grunt_decor_arrowhead,
          uniq_terence

Skill      XL: |  1  2  3 |
---------------+----------+-----
Fighting       | 1 |  1.2
Maces & Flails | 1 |  1.0
Dodging        | |  1.9
Stealth        | |  1.7
Unarmed Combat | |  0.5
Spellcasting   | |  1.8
Conjurations   | |  1.3
Fire Magic     | |  3.7

Action                   || total
-------------------------++-------
Melee: Unarmed           ||    18
       Mace              ||    42
       Spear             ||    10
       Hand axe          ||     8
Throw: Dart              ||     3
 Cast: Foxfire           ||    46
  Use: Scroll            ||     3
       Potion            ||     5
 Stab: Sleeping          ||     1
  Eat: Chunk             ||     2
       Ration            ||     1
Armor: Robe              ||    16
Dodge: Dodged            ||    79
Block: Other             ||     2

Table legend:
 A = Non-vault XP
 B = Vault XP
 C = Vault XP percentage of total XP
 D = Non-vault monster count
 E = Vault monster count
 F = Vault count percentage of total count
                 A         B        C        D         E       F
            +---------+---------+-------+---------+---------+-------
      Total |      69 |       0 |   0.0 |      22 |       0 |   0.0
            +---------+---------+-------+---------+---------+-------
        D:1 |      32 |       0 |   0.0 |      16 |       0 |   0.0
        D:2 |      37 |       0 |   0.0 |       6 |       0 |   0.0
            +---------+---------+-------+---------+---------+-------
